 Dungeon Sprint DCSS version 0.21.0-24-g2553a33 (webtiles) character file.

46434 letownia2 the Brawler (level 14, -1/195 HPs)
             Began as a Troll Wizard on Jan 20, 2018.
             Was an Initiate of Gozag.
             Slain by Mennas
             ... wielding a +0 sacred scourge of holy wrath
              (18 damage)
             ... in the Dungeon (Sprint III: "The Ten Rune Challenge").
             The game lasted 00:29:22 (4462 turns).

letownia2 the Brawler (Troll Wizard)                Turns: 4462, Time: 00:29:23

Health: -1/195     AC: 29    Str: 21    XL:     14   Next: 4%
Magic:  23/26      EV:  9    Int: 17    God:    Gozag
Gold:   8530       SH:  0    Dex:  8    Spells: 16/31 levels left

rFire    . . .     SeeInvis .     - Unarmed
rCold    . . .     Gourm    +   (no shield)
rNeg     + . .     Faith    .   (armour currently unavailable)
rPois    ∞         Spirit   .   E - +0 hat of Makhleb's Wrath {rPois Str+2}
rElec    +         Reflect  .   F - +2 cloak {rPois}
rCorr    .         Harm     .   (gloves unavailable)
MR       +....     NoTele   +   (boots unavailable)
Stlth    +.........             (no amulet)
HPRegen  0.82/turn              (no ring)
MPRegen  0.20/turn              (no ring)

@: confused, statue-form, berserk cooldown, slowed, glowing, silenced, very slow
A: large, unfitting armour, claws 3, fast metabolism 3, gourmand, regeneration 1
a: End Transformation, Renounce Religion


You were in the Dungeon.
You worshipped Gozag.
Gozag was greatly pleased with you.
You were not hungry.
You were a stone statue.
You visited 1 branch You collected 14750 gold pieces.
You spent 2707 gold pieces at shops.
You paid 3513 gold pieces to Gozag.

Inventory:

Hand Weapons
 m - the cursed +0 battleaxe "Kol Rah" {vamp, +Inv, unknown}
   (You found it in the Dungeon)

   It inflicts no extra harm, but heals its wielder when it wounds a living foe.
   It lets you turn invisible.
   It has a curse placed upon it.
 u - a +0 blowgun
Missiles
 t - 3 throwing nets (quivered)
 v - 6 curare-tipped needles
Armour
 i - +0 swamp dragon scales (melded)
 C - a +0 cloak of magic resistance
 E - the +0 hat of Makhleb's Wrath (worn) {rPois Str+2}
   (You acquired it in the Dungeon)

   It affects your strength (+2).
   It protects you from poison.
 F - a +2 cloak of poison resistance (worn)
Magical Staves
 z - an uncursed staff of air
Wands
 b - a wand of acid (7)
 k - a wand of enslavement (7)
 w - a wand of polymorph (16)
Scrolls
 a - 10 scrolls of identify
 j - 2 scrolls of blinking
 l - a scroll of enchant weapon {unknown}
 n - 3 scrolls of remove curse
 s - a scroll of holy word
Potions
 d - a potion of brilliance
 e - a potion of curing
 f - 2 potions of heal wounds
 g - a potion of haste
 h - 2 potions of magic
 o - 2 potions of flight
 p - 4 potions of mutation
 q - 2 potions of might
 x - a potion of invisibility
 A - a potion of agility
Books
 c - a book of Minor Magic

   Spells                             Type                      Level
   a - Magic Dart                     Conjuration                  1
   b - Blink                          Translocation                2
   c - Call Imp                       Summoning                    2
   d - Slow                           Hexes                        2
   e - Conjure Flame                  Conjuration/Fire             3
   f - Mephitic Cloud                 Conjuration/Poison/Air       3
 y - a book of the Earth

   Spells                             Type                      Level
   a - Leda's Liquefaction            Hexes/Earth                  4
   b - Bolt of Magma                  Conjuration/Fire/Earth       5
   c - Statue Form                    Transmutation/Earth          6
   d - Iron Shot                      Conjuration/Earth            6
   e - Shatter                        Earth                        9
Miscellaneous
 r - a box of beasts
 D - a lamp of fire
Comestibles
 B - 10 rations


   Skills:
 - Level 12.5 Fighting
 - Level 7.2 Armour
 - Level 1.5 Dodging
 - Level 1.0 Stealth
 - Level 20.0 Unarmed Combat
 + Level 9.1 Spellcasting
 - Level 4.4 Conjurations
   Level 0.6 Summonings
 - Level 2.2 Translocations
 + Level 12.7 Transmutations
 - Level 3.3 Fire Magic
 - Level 3.4 Air Magic
 + Level 14.7 Earth Magic
 - Level 4.0 Poison Magic


You had 16 spell levels left.
You knew the following spells:

 Your Spells              Type           Power        Failure   Level  Hunger
a - Magic Dart            Conj           ###.         1%          1    None
b - Blink                 Tloc           N/A          5%          2    None
c - Conjure Flame         Conj/Fire      ###.....     5%          3    None
e - Mephitic Cloud        Conj/Pois/Air  ###.....     5%          3    None
u - Statue Form           Tmut/Erth      ######...    4%          6    ######.


Dungeon Overview and Level Annotations

Branches:
Dungeon (1/1)

Altars:
Cheibriados
Dithmenos
Elyvilon
Fedhas
Gozag
Hepliaklqana
Kikubaaqudgha
Makhleb
Nemelex Xobeh
Okawaru
Qazlal
Ru
Sif Muna
Trog
Uskayaw
Vehumet
Wu Jian
Xom
Yredelemnul
Zin
The Shining One
Beogh
Jiyva
Lugonu

Shops:
D %?*[**?=?[!}%:(}

Annotations:
D Chuck, Mennas


Innate Abilities, Weirdness & Mutations

You are too large for most types of armour.
You have claws for hands.
Your metabolism is lightning-fast.
You like to eat raw meat.
Your natural rate of healing is unusually fast.
((You are covered in fur. (AC +1)))
((You have very tough skin. (AC +2)))


Message History

Mennas hits you but does no damage. Mennas completely misses you.
Unknown command.
You bump into the closed door.
Mennas hits you with a sacred scourge of holy wrath!
Mennas hits you but does no damage. x2
Mennas hits you with a sacred scourge of holy wrath!
Mennas hits you with a sacred scourge of holy wrath!!
* * * LOW HITPOINT WARNING * * *
Mennas hits you with a sacred scourge of holy wrath!
* * * LOW HITPOINT WARNING * * *
Mennas hits you with a sacred scourge of holy wrath.
* * * LOW HITPOINT WARNING * * *
Mennas hits you but does no damage. Mennas closely misses you.
Mennas hits you with a sacred scourge of holy wrath.
* * * LOW HITPOINT WARNING * * *
Mennas hits you with a sacred scourge of holy wrath!
* * * LOW HITPOINT WARNING * * *
Mennas hits you with a sacred scourge of holy wrath!!
You die...
Your body crumbles into a pile of gold.

#.....§§§.#.⌠
#########.#..
#.#.#.#.#....
#............
#....∩∩...... ###
########'#########
.... #...###.(.##
..... #...##..(..##
......#8###.......#
......A.$.'...)...+
......#+###.......#
.....≈ ##.....##
....≈ ##...## #++##
##(## #.≈≈≈+ #.≈≈.#
#.≈≈.#


You could see Mennas.

Vanquished Creatures
  Boris (D)
  Sigmund (D)
  A bone dragon (D)
  2 sphinxes (D)
  4 vampire knights (D)
  Azrael (D)
  A mummy priest (D)
  A fire dragon (D)
  4 yaktaur captains (D)
  Erolcha (D)
  A centaur warrior (D)
  A titan zombie (D)
  3 deep elf knights (D)
  3 skeletal warriors (D)
  A golden dragon zombie (D)
  A shadow wraith (D)
  An obsidian statue (D)
  A shining eye (shapeshifter) (D)
  4 crystal guardians (D)
  An orc sorcerer (D)
  An ugly thing (D)
  2 deep elf magi (D)
  4 statues (D)
  Edmund (D)
  A yaktaur (D)
  2 guardian mummies (D)
  4 spriggan defenders (D)
  2 hornets (D)
  A queen bee (D)
  4 slime creatures (D)
  A shadow (D)
  2 redbacks (D)
  2 swamp worms (shapeshifter) (D)
  3 wandering mushrooms (D)
  A spatial vortex (D)
  An iron troll simulacrum (D)
  2 hydra simulacra (D)
  A floating eye (D)
  2 orc warriors (D)
  A necrophage (D)
  5 two-headed ogres (D)
  A water elemental (D)
  A scorpion (D)
  30 killer bees (D)
  5 orc priests (D)
  A jelly (D)
  8 orc wizards (D)
  A wizard (D)
  Jessica (D)
  4 necromancers (D)
  3 humans (D)
  A kobold demonologist (D)
  An adder zombie (D)
  An adder simulacrum (D)
  2 orcs (D)
  A bat simulacrum (D)
  A jackal zombie (D)
  A leopard gecko simulacrum (D)
  2 leopard gecko zombies (D)
  3 rats (D)
  A plant (D)
146 creatures vanquished.

Vanquished Creatures (collateral kills)
  A deep elf knight (D)
  2 killer bees (D)
3 creatures vanquished.

Vanquished Creatures (others)
  2 draconian scorchers (D)
  4 dancing weapons (D)
  6 hellions (D)
  2 yaktaurs (D)
  2 orc high priests (D)
  2 orc priests (D)
  A bush (D)
  11 plants (D)
30 creatures vanquished.

Grand Total: 179 creatures vanquished

Notes
Turn   | Place    | Note
-------+----------+-------------------------------------------
     0 | D        | letownia2 the Troll Wizard began the quest for the Orb.
     0 | D        | Reached XP level 1. HP: 16/16 MP: 2/2
     5 | D        | Reached skill level 1 in Unarmed Combat
    20 | D        | Noticed Jessica
    25 | D        | Killed Jessica
    25 | D        | Reached skill level 4 in Unarmed Combat
    25 | D        | Reached XP level 2. HP: 11/29 MP: 4/4
    53 | D        | Killed a yaktaur
   114 | D        | Reached skill level 5 in Unarmed Combat
   114 | D        | Reached skill level 1 in Conjurations
   114 | D        | Reached XP level 3. HP: 19/36 MP: 5/5
   122 | D        | Learned a level 3 spell: Mephitic Cloud
   131 | D        | Killed a hellion
   136 | D        | Noticed a scorpion
   140 | D        | Killed a hellion
   141 | D        | Killed a hellion
   146 | D        | Killed a scorpion
   146 | D        | Reached skill level 1 in Air Magic
   146 | D        | Reached skill level 1 in Poison Magic
   146 | D        | Reached XP level 4. HP: 25/44 MP: 6/6
   192 | D        | Learned a level 3 spell: Conjure Flame
   197 | D        | Noticed a water elemental
   199 | D        | Killed a white draconian scorcher
   201 | D        | Killed a water elemental
   201 | D        | Reached skill level 6 in Unarmed Combat
   201 | D        | Reached skill level 1 in Fire Magic
   201 | D        | Reached XP level 5. HP: 50/50 MP: 3/7
   235 | D        | Killed a white draconian scorcher
   240 | D        | Found a glowing silver altar of Zin.
   240 | D        | Found a glowing golden altar of the Shining One.
   240 | D        | Found a white marble altar of Elyvilon.
   241 | D        | Noticed a deep elf mage
   243 | D        | Killed a hellion
   253 | D        | Killed a deep elf mage
   253 | D        | Reached skill level 8 in Unarmed Combat
   253 | D        | Reached XP level 6. HP: 48/59 MP: 5/10
   253 | D        | Reached XP level 7. HP: 54/66 MP: 5/11
   265 | D        | Learned a level 2 spell: Blink
   273 | D        | Killed a hellion
   275 | D        | Killed a hellion
   294 | D        | Reached skill level 1 in Translocations
   323 | D        | Noticed a shadow
   337 | D        | Killed a shadow
   337 | D        | Reached skill level 9 in Unarmed Combat
   385 | D        | Found a blossoming altar of Fedhas.
   385 | D        | Found a stormy altar of Qazlal.
   385 | D        | Found a snail-covered altar of Cheibriados.
   385 | D        | Found a burning altar of Makhleb.
   385 | D        | Found a shimmering altar of Xom.
   385 | D        | Noticed a spatial vortex
   386 | D        | Found a hazy altar of Hepliaklqana.
   386 | D        | Found an opulent altar of Gozag.
   386 | D        | Found a sparkling altar of Nemelex Xobeh.
   386 | D        | Found a corrupted altar of Lugonu.
   386 | D        | Found a viscous altar of Jiyva.
   390 | D        | Became a worshipper of Gozag Ym Sagoz the Greedy
   404 | D        | Killed a spatial vortex
   404 | D        | Reached skill level 10 in Unarmed Combat
   422 | D        | Found a hide-covered altar of Uskayaw.
   422 | D        | Found an iron altar of Okawaru.
   433 | D        | Found a roughly hewn altar of Beogh.
   433 | D        | Found a bloodstained altar of Trog.
   433 | D        | Found an ornate altar of the Wu Jian Council.
   433 | D        | Noticed a human
   433 | D        | Noticed a human
   444 | D        | Killed a human
   444 | D        | Reached skill level 11 in Unarmed Combat
   446 | D        | Killed a human
   446 | D        | Reached XP level 8. HP: 61/74 MP: 10/13
   461 | D        | Found a radiant altar of Vehumet.
   463 | D        | Found a deep blue altar of Sif Muna.
   463 | D        | Found an ancient bone altar of Kikubaaqudgha.
   475 | D        | Killed a yaktaur
   489 | D        | Found a basalt altar of Yredelemnul.
   489 | D        | Found a shadowy altar of Dithmenos.
   489 | D        | Found a sacrificial altar of Ru.
   594 | D        | Reached skill level 5 in Fighting
   620 | D        | Noticed a two-headed ogre
   638 | D        | Killed a two-headed ogre
   638 | D        | Reached skill level 12 in Unarmed Combat
   639 | D        | Noticed a two-headed ogre
   742 | D        | Killed a two-headed ogre
   742 | D        | Reached skill level 13 in Unarmed Combat
   781 | D        | Noticed Erolcha
   781 | D        | Reached skill level 14 in Unarmed Combat
   781 | D        | Reached XP level 9. HP: 87/87 MP: 8/14
   793 | D        | Killed Erolcha
   793 | D        | Reached skill level 16 in Unarmed Combat
   828 | D        | Noticed an orc sorcerer
   836 | D        | Killed an orc sorcerer
   997 | D        | Reached skill level 17 in Unarmed Combat
  1042 | D        | Found Tukohyteo's Food Shop.
  1132 | D        | Noticed a deep elf knight
  1132 | D        | Noticed a deep elf mage
  1132 | D        | Noticed a deep elf knight
  1132 | D        | Noticed a deep elf knight
  1132 | D        | Noticed a deep elf knight
  1147 | D        | Killed a deep elf knight
  1147 | D        | Reached skill level 18 in Unarmed Combat
  1147 | D        | Reached XP level 10. HP: 88/96 MP: 3/15
  1157 | D        | Killed a deep elf knight
  1206 | D        | Killed a deep elf knight
  1313 | D        | Killed a deep elf knight
  1337 | D        | Killed a deep elf mage
  1410 | D        | Noticed Sigmund
  1410 | D        | Noticed Edmund
  1419 | D        | Killed Sigmund
  1419 | D        | Reached XP level 11. HP: 15/121 MP: 10/16
  1430 | D        | Killed Edmund
  1637 | D        | Reached skill level 19 in Unarmed Combat
  1833 | D        | Reached skill level 5 in Spellcasting
  1938 | D        | Noticed an obsidian statue
  1943 | D        | Found Vaudaq's Magic Scroll Emporium.
  1943 | D        | Found Pauzidy's Distillery.
  1943 | D        | Found Voamn's Gadget Shoppe.
  1943 | D        | Found Kokiuh's Jewellery Boutique.
  1943 | D        | Found Uryb Hen's Antique Armour Emporium.
  1943 | D        | Found Lefud's Antique Weapon Shop.
  1943 | D        | Found Nennoxza's Book Emporium.
  1943 | D        | Found Itoonak's Food Boutique.
  1944 | D        | Found Ocaki's Magic Scroll Boutique.
  1944 | D        | Found Xeirgh's Assorted Antiques.
  1944 | D        | Found Qucheuc's Assorted Antiques.
  1944 | D        | Found Bushred's Antique Armour Emporium.
  2003 | D        | Bought a puce potion for 20 gold pieces
  2003 | D        | Bought a glowing orange potion for 20 gold pieces
  2006 | D        | Bought a fuming red potion for 18 gold pieces
  2006 | D        | Bought a fuming red potion for 18 gold pieces
  2016 | D        | Bought a potion of lignification for 42 gold pieces
  2027 | D        | Noticed a crystal guardian
  2027 | D        | Noticed a crystal guardian
  2027 | D        | Noticed a crystal guardian
  2035 | D        | Killed a crystal guardian
  2043 | D        | Killed a crystal guardian
  2051 | D        | Killed a crystal guardian
  2095 | D        | Bought a potion of curing for 42 gold pieces
  2102 | D        | Bought swamp dragon scales for 1150 gold pieces
  2183 | D        | Killed an obsidian statue
  2227 | D        | Got a crude battleaxe
  2234 | D        | Noticed a red ugly thing
  2245 | D        | Noticed a centaur warrior
  2252 | D        | Killed a centaur warrior
  2264 | D        | Killed a red ugly thing
  2264 | D        | Reached skill level 20 in Unarmed Combat
  2303 | D        | Bought a book of the Earth for 715 gold pieces
  2310 | D        | Learned a level 6 spell: Statue Form
  2353 | D        | Noticed a shining eye
  2359 | D        | Killed a shining eye
  2359 | D        | Reached skill level 1 in Armour
  2359 | D        | Reached skill level 1 in Transmutations
  2359 | D        | Reached skill level 1 in Earth Magic
  2371 | D        | Noticed a fire dragon
  2376 | D        | Killed a fire dragon
  2459 | D        | Noticed an antimagic mace
  2459 | D        | Noticed a dire flail of venom
  2459 | D        | Noticed a scimitar of electrocution
  2462 | D        | Noticed a glaive of protection
  2462 | D        | Killed a dire flail of venom
  2462 | D        | Reached XP level 12. HP: 133/133 MP: 21/21
  2480 | D        | Reached skill level 5 in Earth Magic
  2513 | D        | Noticed a yaktaur captain
  2564 | D        | Killed a yaktaur captain
  2564 | D        | Reached skill level 5 in Armour
  2677 | D        | Reached skill level 5 in Transmutations
  2714 | D        | Noticed Chuck
  2715 | D        | Noticed an anaconda
  2719 | D        | Noticed an alligator
  2719 | D        | Noticed a fire dragon
  2719 | D        | an alligator changed into a fire dragon
  2722 | D        | Noticed a satyr
  2722 | D        | a fire dragon changed into a satyr
  2723 | D        | Noticed a spark wasp
  2723 | D        | a satyr changed into a spark wasp
  2724 | D        | Noticed a great orb of eyes
  2724 | D        | a spark wasp changed into a great orb of eyes
  2730 | D        | a great orb of eyes changed into a slime creature
  2996 | D        | Bought a potion of brilliance for 56 gold pieces
  2996 | D        | Bought a potion of brilliance for 56 gold pieces
  3090 | D        | Noticed a vampire knight
  3097 | D        | Killed a vampire knight
  3116 | D        | Noticed a vampire knight
  3116 | D        | Paralysed by a vampire knight for 7 turns
  3126 | D        | Killed a vampire knight
  3129 | D        | Noticed a vampire knight
  3135 | D        | Killed a vampire knight
  3285 | D        | Noticed a vampire knight
  3292 | D        | Killed a vampire knight
  3292 | D        | Reached skill level 10 in Earth Magic
  3403 | D        | Noticed a bone dragon
  3411 | D        | Killed a bone dragon
  3411 | D        | Reached XP level 13. HP: 118/141 MP: 19/22
  3417 | D        | Noticed a sphinx
  3417 | D        | Noticed a sphinx
  3423 | D        | Killed a sphinx
  3423 | D        | Reached skill level 10 in Transmutations
  3424 | D        | Paralysed by a sphinx for 3 turns
  3430 | D        | Killed a sphinx
  3932 | D        | Noticed Azrael
  3942 | D        | Killed Azrael
  3952 | D        | Got an ancient hat
  3963 | D        | Identified the +0 hat of Makhleb's Wrath {rPois Str+2} (You acquired it in the Dungeon)
  4111 | D        | Noticed a mummy priest
  4120 | D        | Killed a mummy priest
  4134 | D        | Noticed Boris
  4145 | D        | Killed Boris
  4301 | D        | Bought a wand of acid (7) for 264 gold pieces
  4301 | D        | Bought 2 potions of might for 96 gold pieces
  4303 | D        | Bought a scroll of blinking for 105 gold pieces
  4303 | D        | Bought a scroll of holy word for 105 gold pieces
  4322 | D        | Reached XP level 14. HP: 148/150 MP: 21/26
  4439 | D        | Noticed Mennas
  4462 | D        | Slain by Mennas

Skill      XL: |  1  2  3  4  5  6  7  8  9 10 11 12 13 |
---------------+----------------------------------------+-----
Unarmed Combat | 4 5 6 8 11 14 18 20 | 20.0
Fighting       | 2 5 12 | 12.5
Conjurations   | 1 2 3 4 |  4.4
Air Magic      | 1 2 3 |  3.4
Poison Magic   | 1 2 4 |  4.0
Fire Magic     | 1 3 |  3.3
Spellcasting   | 3 4 6 9 |  9.1
Translocations | 2 |  2.2
Armour         | 3 5 7 |  7.2
Transmutations | 3 9 12 | 12.7
Earth Magic    | 3 11 14 | 14.7
Dodging        | |  1.5
Stealth        | |  1.0
Summonings     | |  0.6

Action                   |  1- 3 |  4- 6 |  7- 9 | 10-12 | 13-15 || total
-------------------------+-------+-------+-------+-------+-------++-------
Melee: Unarmed           |    43 |    10 |   100 |   219 |   143 ||   515
       Punch             |       |       |     3 |    18 |     5 ||    26
Throw: Throwing net      |       |       |       |     1 |       ||     1
 Cast: Conjure Flame     |       |     1 |    10 |     5 |     4 ||    20
       Mephitic Cloud    |       |     1 |    13 |    14 |    11 ||    39
       Blink             |       |       |       |     2 |     2 ||     4
       Statue Form       |       |       |       |     1 |     8 ||     9
Invok: Potion Petition   |       |       |       |     3 |     1 ||     4
       Call Merchant     |       |       |       |     1 |     2 ||     3
Evoke: Wand              |       |       |       |     3 |       ||     3
       Box of beasts     |       |       |       |     1 |       ||     1
  Use: Potion            |       |       |       |     5 |     5 ||    10
       Scroll            |       |       |       |     5 |     3 ||     8
 Stab: Confused          |       |       |     2 |     4 |       ||     6
       Sleeping          |       |       |       |     1 |       ||     1
       Distracted        |       |       |       |       |     3 ||     3
       Held in net/web   |       |       |       |       |     1 ||     1
  Eat: Chunk             |     5 |     3 |     3 |       |       ||    11
       Ration            |       |       |       |     6 |     5 ||    11
Armor: Robe              |    14 |       |     7 |     5 |       ||    26
       Swamp dragon scal |       |       |       |    30 |     1 ||    31
       Skin              |       |       |       |    13 |   142 ||   155
Dodge: Dodged            |    14 |     1 |    15 |    47 |    67 ||   144
